 Dungeon Crawl Stone Soup version 0.20.1-1-g8b1a95d (webtiles) character file.

621 vishdafish the Covered (level 7, -1/44 HPs)
             Began as a Gargoyle Fighter on July 5, 2017.
             Slain by an orc warrior
             ... wielding a +0 long sword
              (15 damage)
             ... on level 5 of the Dungeon.
             The game lasted 00:06:03 (4491 turns).

vishdafish the Covered (Gargoyle Fighter)           Turns: 4491, Time: 00:06:03

Health: -1/44      AC: 13    Str: 21    XL:     7   Next: 46%
Magic:  7/7        EV:  7    Int:  9    God:
Gold:   171        SH:  9    Dex:  9    Spells: 6/6 levels left

rFire    . . .     SeeInvis .   a - +0 trident
rCold    + . .     Gourm    .   c - +0 shield
rNeg     + . .     Faith    .   b - +0 scale mail
rPois    ∞         Spirit   .   (no helmet)
rElec    +         Reflect  .   g - scarf {cloud immunity}
rCorr    .         Harm     .   w - +0 pair of gloves
MR       .....                  (no boots)
Stlth    ..........             (no amulet)
Regen    0.2/turn               m - ring of protection from cold
MPRegen  0.1/turn               (no ring)

@: no status effects
A: negative energy resistance 1, electricity resistance, unbreathing,
petrification resistance, rot immunity, AC +4
a: no special abilities


You were on level 5 of the Dungeon.
You were very hungry.

You visited 1 branch of the dungeon, and saw 5 of its levels.

You collected 171 gold pieces.

Inventory:

Hand Weapons
 a - a +0 trident (weapon)
 n - a +0 club
Armour
 b - a +0 scale mail (worn)
 c - a +0 shield (worn)
 g - a scarf of cloud immunity (worn)
 w - a +0 pair of gloves (worn)
Jewellery
 m - a ring of protection from cold (left hand)
Wands
 q - a wand of confusion (24/48)
 u - a wand of confusion (15/48)
Scrolls
 e - a scroll of teleportation {unknown}
 f - a scroll of identify {unknown}
 i - 3 scrolls of recharging {unknown}
 j - a scroll of fear {unknown}
 k - a scroll of immolation {unknown}
 l - 2 scrolls of magic mapping {unknown}
 o - a scroll of remove curse {unknown}
 p - 2 scrolls of enchant weapon {unknown}
 x - a scroll of random uselessness {unknown}
Potions
 d - a potion of heal wounds {unknown}
 h - a potion of degeneration {unknown}
 s - a potion of brilliance {unknown}
 t - a potion of lignification {unknown}
 v - a potion of might
Comestibles
 r - a meat ration


   Skills:
 + Level 5.0 Fighting
 * Level 4.7 Polearms
 + Level 5.1 Armour
 + Level 4.9 Shields


You had 6 spell levels left.
You didn't know any spells.

Dungeon Overview and Level Annotations

Branches:
Dungeon (5/15)             Temple (0/1) D:5

Altars:
Elyvilon
Sif Muna
Trog

Shops:
D:4 (


Innate Abilities, Weirdness & Mutations

You are resistant to torment.
Your stone body is resilient. (AC +4)
You are immune to poison.
You resist negative energy. (rN+)
You are resistant to electric shocks. (rElec)
You can survive without breathing.
You are immune to petrification.
You are immune to rotting.


Message History

An orc priest comes into view. It is wielding a mace.
You hit the orc warrior.
The orc warrior is severely wounded.
You block the orc warrior's attack. The orc hits you but does no damage.
Your shield and scale mail prevent you from hitting the orc warrior.
The orc warrior is severely wounded.
The orc warrior hits you with a long sword.
The orc barely misses you.
You barely miss the orc warrior.
The orc warrior is severely wounded.
The orc warrior hits you with a long sword!
* * * LOW HITPOINT WARNING * * *
The orc barely misses you.
You are too injured to fight recklessly!
You are too injured to fight recklessly!
You are too injured to fight recklessly!
You hit the orc warrior but do no damage.
The orc warrior is severely wounded.
The orc warrior hits you with a long sword!
You die...

##...........#
.............#
#...........# ######
#...........####.....#
#...........⌠.().#
#............()).###
#####...#(⌠.>.⌠....#
###.#.#...†...##.#
###...#.#...⌠.@o...#
#...###.......#o##.#
#.....#######.#o.. #
#...#.### #.#....#
#..>#...# #.#.####
#...###.# #.#....#
#...# #.# #.####.#
#######)#####....#.#
#...).....###.#<#


You could see an orc warrior, an orc priest and an orc.

Vanquished Creatures
  The ghost of Frank the Shield-Bearer, an amateur GrFi (D:3)
  A scorpion (D:3)
  A hound (D:3)
  5 orc wizards
  An orc priest (D:4)
  2 iguanas (D:5)
  Jessica (D:2)
  A bullfrog skeleton (D:4)
  A worker ant (D:5)
  A hound zombie (D:5)
  A gnoll (D:1)
  2 adders (D:2)
  2 oozes
  An adder skeleton (D:4)
  3 worms
  A leopard gecko (D:2)
  18 orcs
  3 ball pythons
  8 bats
  9 giant cockroaches
  7 goblins
  8 hobgoblins
  3 jackals (D:3)
  9 kobolds
  4 quokkas
  4 frilled lizards
  A leopard gecko skeleton (D:4)
  5 rats
104 creatures vanquished.

Vanquished Creatures (others)
  A wizard (D:3)
  A quokka (D:5)
2 creatures vanquished.

Grand Total: 106 creatures vanquished

Notes
Turn   | Place    | Note
-------+----------+-------------------------------------------
     0 | D:1      | vishdafish the Gargoyle Fighter began the quest for the Orb.
     0 | D:1      | Reached XP level 1. HP: 14/14 MP: 1/1
   119 | D:1      | Reached XP level 2. HP: 16/19 MP: 2/2
   130 | D:1      | You fall through a shaft!
   873 | D:1      | Reached XP level 3. HP: 22/23 MP: 3/3
   906 | D:2      | Found a faded altar of an unknown god.
   913 | D:2      | Became a worshipper of Sif Muna the Loreminder
   913 | D:2      | Reached * piety under Sif Muna
   914 | D:2      | Fell from the grace of Sif Muna
  1371 | D:2      | Noticed Jessica
  1393 | D:2      | Reached XP level 4. HP: 24/29 MP: 4/4
  1399 | D:2      | Killed Jessica
  1884 | D:3      | Found a bloodstained altar of Trog.
  1885 | D:3      | Noticed a wizard
  1890 | D:3      | Killed a wizard
  2062 | D:3      | Noticed Frank's ghost (amateur GrFi)
  2080 | D:3      | Killed Frank's ghost
  2080 | D:3      | Reached XP level 5. HP: 15/33 MP: 5/5
  2976 | D:3      | Reached XP level 6. HP: 20/39 MP: 6/6
  3467 | D:5      | Entered Level 5 of the Dungeon
  3846 | D:4      | Reached XP level 7. HP: 44/44 MP: 7/7
  3864 | D:4      | Found Tyecoiby's Antique Weapon Emporium.
  4123 | D:5      | Reached skill level 5 in Armour
  4250 | D:5      | Found a white marble altar of Elyvilon.
  4328 | D:5      | Found a staircase to the Ecumenical Temple.
  4344 | D:5      | Reached skill level 5 in Fighting
  4491 | D:5      | Slain by an orc warrior

Skill      XL: |  1  2  3  4  5  6  7 |
---------------+----------------------+-----
Polearms       | 2 3 4 |  4.7
Armour         | 4 5 |  5.1
Fighting       | 4 5 |  5.0
Shields        | 4 |  4.9

Action                   |  1- 3 |  4- 6 |  7- 9 || total
-------------------------+-------+-------+-------++-------
Melee: Trident           |   184 |   260 |   132 ||   576
Invok: Renounce Religion |     1 |       |       ||     1
  Use: Potion            |       |     1 |       ||     1
  Eat: Chunk             |     2 |     5 |       ||     7
       Bread ration      |       |     1 |       ||     1
Armor: Scale mail        |    86 |   128 |    72 ||   286
Dodge: Dodged            |    57 |    67 |    28 ||   152
Block: Shield            |    86 |   117 |    57 ||   260
